 Dungeon Crawl Stone Soup version 0.21-a0-426-g98080a9 (webtiles) character file.

7 kae the Digger (level 2, 0/15 HPs)
             Began as a Gargoyle Earth Elementalist on Nov 5, 2017.
             Slain by a hobgoblin
             ... wielding a +0 club
              (5 damage)
             ... on level 1 of the Dungeon.
             The game lasted 00:00:40 (682 turns).

kae the Digger (Gargoyle Earth Elementalist)         Turns: 682, Time: 00:00:40

Health: 0/15       AC:  4    Str: 11    XL:     2   Next: 4%
Magic:  5/5        EV: 12    Int: 15    God:
Gold:   16         SH:  0    Dex: 10    Spells: 4/5 levels left

rFire    . . .     SeeInvis .   (no weapon)
rCold    . . .     Gourm    .   (no shield)
rNeg     + . .     Faith    .   c - +0 robe
rPois    ∞         Spirit   .   (no helmet)
rElec    +         Reflect  .   (no cloak)
rCorr    .         Harm     .   (no gloves)
MR       .....                  (no boots)
Stlth    ++........             (no amulet)
HPRegen  0.05/turn              (no ring)
MPRegen  0.09/turn              (no ring)

@: no status effects
A: negative energy resistance 1, electricity resistance, unbreathing,
petrification resistance, rot immunity, AC +2
a: no special abilities


You were on level 1 of the Dungeon.
You were not hungry.

You visited 1 branch of the dungeon, and saw 1 of its levels.

You collected 16 gold pieces.

Inventory:

Missiles
 b - 45 stones (quivered)
Armour
 c - a +0 robe (worn)
Scrolls
 f - a scroll of random uselessness {unknown}
Potions
 a - a potion of curing {unknown}
Books
 e - a book of Geomancy

   Spells                             Type                      Level
   a - Sandblast                      Earth                        1
   b - Passwall                       Transmutation/Earth          2
   c - Stone Arrow                    Conjuration/Earth            3
   d - Petrify                        Transmutation/Earth          4
   e - Lee's Rapid Deconstruction     Earth                        5
Comestibles
 d - a bread ration


   Skills:
 - Level 1.5 Dodging
 - Level 2.1 Stealth
 + Level 2.2 Spellcasting
   Level 0.7 Transmutations
 * Level 4.1 Earth Magic


You had 4 spell levels left.
You knew the following spells:

 Your Spells              Type           Power        Failure   Level  Hunger
a - Sandblast             Erth           ##....       4%          1    #......


Dungeon Overview and Level Annotations

Branches:
Dungeon (1/15)

Altars:


Innate Abilities, Weirdness & Mutations

You are resistant to torment.
Your stone body is resilient. (AC +2)
You are immune to poison.
You resist negative energy. (rN+)
You are resistant to electric shocks. (rElec)
You can survive without breathing.
You are immune to petrification.
You are immune to rotting.


Message History

You are too injured to fight recklessly!
You are too injured to fight recklessly!
You are too injured to fight recklessly!
You are too injured to fight recklessly!
You are too injured to fight recklessly!
You are too injured to fight recklessly!
You are too injured to fight recklessly!
You are too injured to fight recklessly!
A hobgoblin comes into view. It is wielding a club.
The hobgoblin shouts!
The dart slug misses you.
Found an escape hatch in the floor.
You hit the dart slug.
The dart slug is moderately wounded.
The dart slug bites you.
You closely miss the hobgoblin. The hobgoblin hits you with a club.
A bat comes into view.
You closely miss the hobgoblin.
The bat moves out of view.
The hobgoblin hits you with a club.
You die...

##############
#............######
#..##.............#
###..#########.####.#
.).......# #.#
###..###.# #.# #..#
#.# # #..#
.#####.####.# #...
.........@gw.#
##.#############..#
.# ..# .# .... ####
..... ...♣ .#####
##'# .# ♣♣.♣ ># ..♣♣


You could see a dart slug and a hobgoblin.

Vanquished Creatures
  A dart slug (D:1)
  A hobgoblin (D:1)
  A bat (D:1)
  2 kobolds (D:1)
  2 rats (D:1)
7 creatures vanquished.

Notes
Turn   | Place    | Note
-------+----------+-------------------------------------------
     0 | D:1      | kae the Gargoyle Earth Elementalist began the quest for the Orb.
     0 | D:1      | Reached XP level 1. HP: 10/10 MP: 3/3
   379 | D:1      | Reached skill level 4 in Earth Magic
   445 | D:1      | Reached XP level 2. HP: 5/15 MP: 3/5
   682 | D:1      | Slain by a hobgoblin

Vault maps used:
D:1:      scummos_arrival_gate

Skill      XL: |  1 |
---------------+----+-----
Earth Magic    | 4 |  4.1
Dodging        | |  1.5
Stealth        | |  2.1
Spellcasting   | |  2.2
Transmutations | |  0.7

Action                   || total
-------------------------++-------
Melee: Unarmed           ||    26
 Cast: Sandblast         ||    10
 Stab: Sleeping          ||     1
Armor: Robe              ||    13
Dodge: Dodged            ||    26

Table legend:
 A = Spawn XP
 B = Non-spawn XP
 C = Spawn XP percentage of total XP
 D = Spawn monster count
 E = Non-spawn monster count
 F = Spawn count percentage of total count
 G = Total turns spent on level
                    A         B        C        D         E        F      G
               +---------+---------+-------+---------+---------+-------+---------
         Total |       0 |      11 |   0.0 |       0 |       7 |   0.0 |   682
               +---------+---------+-------+---------+---------+-------+---------
           D:1 |       0 |      11 |   0.0 |       0 |       7 |   0.0 |   682
               +---------+---------+-------+---------+---------+-------+---------
